 Dungeon Crawl Stone Soup version 0.29-a0-857-g9b1aa3ac5b (webtiles) character file.

Game seed: 4616213985164383703

303 nxtlvl the Cutter (level 6, -1/36 HPs)
             Began as a Deep Elf Monk on July 17, 2022.
             Slain by a kobold brigand
             ... wielding a +0 dagger
              (5 damage)
             ... in a sewer.
             The game lasted 00:14:20 (1876 turns).

nxtlvl the Cutter (Deep Elf Monk)                   Turns: 1876, Time: 00:14:21

Health: -1/36      AC:  8    Str:  8    XL:     6   Next: 15%
Magic:  8/8        EV: 13    Int: 17    God:
Gold:   152        SH:  0    Dex: 17    Spells: 5/5 levels left

rFire   . . .      SeeInvis .   b - staff of earth
rCold   . . .      Faith    .   (no shield)
rNeg    . . .      Spirit   .   o - +3 leather armour
rPois   .          Reflect  .   f - +0 helmet
rElec   .          Harm     .   (no cloak)
rCorr   .          Rampage  .   r - +0 pair of gloves
Will    .....                   (no boots)
Stlth   ++........              m - amulet of regeneration
HPRegen 0.92/turn               (no ring)
MPRegen 0.11/turn               (no ring)

@: no status effects
A: no striking features
a: no special abilities


You were in a sewer.
You visited 1 branch of the dungeon, and saw 5 of its levels.
You also visited: Sewer.

You collected 152 gold pieces.

Inventory:

Hand Weapons
 a - a +0 short sword
Missiles
 d - 2 poisoned darts (quivered)
 g - 34 stones
Armour
 f - a +0 helmet (worn)
 l - a +0 leather armour of fire resistance
 o - a +3 leather armour (worn)
 r - a +0 pair of gloves (worn)
Magical Staves
 b - a staff of earth (weapon)
Jewellery
 m - an amulet of regeneration (around neck)
 v - an amulet of magic regeneration
Scrolls
 e - 4 scrolls of identify
 h - a scroll of amnesia {unknown}
 j - 3 scrolls of enchant weapon {unknown}
 k - 2 scrolls of fog {unknown}
 p - 2 scrolls of blinking {unknown}
 u - a scroll of acquirement {unknown}
 w - a scroll of poison {unknown}
Potions
 c - 3 potions of ambrosia
 i - a potion of haste
 q - a potion of lignification {unknown}
 s - a potion of might {unknown}
 t - 2 potions of curing


   Skills:
 - Level 2.4 Fighting
 - Level 4.0 Short Blades
 * Level 3.7 Staves
 - Level 3.6 Dodging
 - Level 2.4 Stealth
 + Level 2.7 Earth Magic
 + Level 2.7 Evocations


You had 5 spell levels left.
You didn't know any spells.
Your spell library contained the following spells:

 Spells                   Type           Power      Damage    Failure   Level
 Sublimation of Blood     Necr           0%         N/A       45%         2
 Wereblood                Tmut           0%         N/A       45%         2
 Summon Hydra             Summ           0%         N/A       100%        7


Dungeon Overview and Level Annotations

Branches:
Dungeon (5/15)              Sewer (1/1)
 Temple: D:4-7

Altars:


Message History

The kobold brigand misses you. x2
You bump into the metal wall.
You feel less invigorated.
You feel less confused. The kobold brigand misses you.
The kobold brigand hits you with a +0 whip!
You hit the kobold brigand.
The kobold brigand is severely wounded.
The kobold brigand hits you but does no damage.
The kobold brigand misses you.
You hit the kobold brigand.
The kobold brigand is severely wounded.
The kobold brigand hits you with a +0 dagger.
The kobold brigand hits you with a +0 whip.
You hit the kobold brigand but do no damage.
You shatter the kobold brigand.
The kobold brigand is almost dead.
The kobold brigand hits you with a +0 dagger.
The kobold brigand hits you but does no damage.
You hit the kobold brigand but do no damage.
The kobold brigand is almost dead.
The kobold brigand hits you but does no damage.
The kobold brigand misses you.
You hit the kobold brigand but do no damage.
You shatter the kobold brigand.
The kobold brigand is almost dead.
The kobold brigand hits you with a +0 dagger.
The kobold brigand hits you with a +0 whip.
You barely miss the kobold brigand.
The kobold brigand is almost dead.
The kobold brigand hits you with a +0 dagger.
The kobold brigand hits you with a +0 whip.
You hit the kobold brigand.
The kobold brigand is almost dead.
The kobold brigand hits you with a +0 dagger.
* * * LOW HITPOINT WARNING * * *
The kobold brigand hits you with a +0 whip!
* * * LOW HITPOINT WARNING * * *
It was a potion of magic.
Magic courses through your body.
The kobold brigand hits you with a +0 dagger.
You die...

#.†...≈≈≈≈≈
##....≈≈≈≈≈≈
#......≈≈≈≈≈
#.....≈≈≈≈≈≈
#....≈≈≈≈≈≈≈
##....≈≈≈≈≈≈
#....≈≈≈≈≈≈
#....≈≈≈≈≈≈
##@K≈≈≈≈≈≈≈
##K###≈≈≈≈


KK. ≈≈≈≈ K..# ≈≈≈ ..## ≈≈ ... #.?# ### You could see 2 kobold brigands and 3
kobolds.

Vanquished Creatures
  A phantom (D:4)
  A necrophage (D:4)
  2 hounds (D:5)
  An iguana (D:5)
  2 river rats (Sewer)
  2 adders (D:4)
  A worm (D:5)
  A dart slug (D:1)
  4 orcs
  3 ball pythons
  A bat (D:1)
  6 endoplasms
  3 giant cockroaches
  3 goblins
  2 hobgoblins
  2 quokkas
  2 frilled lizards
  2 kobolds
  5 rats
44 creatures vanquished.

Notes
Turn   | Place    | Note
-------+----------+-------------------------------------------
     0 | D:1      | nxtlvl the Deep Elf Monk began the quest for the Orb.
     0 | D:1      | Reached XP level 1. HP: 13/13 MP: 3/3
    70 | D:1      | Found a faded altar of an unknown god.
   171 | D:1      | Reached XP level 2. HP: 16/18 MP: 4/4
   510 | D:1      | Reached skill level 4 in Short Blades
   632 | D:4      | Noticed a necrophage
   862 | D:4      | Reached XP level 3. HP: 21/22 MP: 5/5
   879 | D:4      | Reached skill level 1 in Staves
  1063 | D:4      | Noticed a phantom
  1107 | D:4      | Killed a phantom
  1108 | D:4      | Reached skill level 1 in Earth Magic
  1108 | D:4      | Reached skill level 1 in Evocations
  1108 | D:4      | Reached XP level 4. HP: 27/27 MP: 6/6
  1237 | D:4      | Killed a necrophage
  1238 | D:4      | Reached XP level 5. HP: 26/31 MP: 7/7
  1501 | D:5      | Entered Level 5 of the Dungeon
  1537 | D:5      | Noticed a black bear
  1563 | D:5      | Noticed a vampire
  1583 | D:5      | Found a glowing drain.
  1658 | D:5      | Reached XP level 6. HP: 19/36 MP: 8/8
  1706 | Sewer    | Entered a sewer
  1876 | Sewer    | Slain by a kobold brigand

Illustrated notes

Levels and vault maps discovered:
D:1:      psy_arrival_terrarium, layout_basic,
          shapermc_ecumenical_altar_acropolis
D:2:      layout_basic, basic_altar, minmay_pentomino_u4
D:3:      layout_loops_ring, serial_shops, nicolae_shop_window_shopping,
          minmay_vboxes
D:4:      layout_basic, roderic_filled_cross
D:5:      layout_rooms, serial_shops, shop, cheibrodos_sewer_entry_drain,
          grunt_ministairs_13
Sewer:    sewer_minmay_treatment

Skill      XL: |  1  2  3  4 |
---------------+-------------+-----
Short Blades   | 4 |  4.0
Staves         | 2 3 |  3.7
Earth Magic    | 1 2 |  2.7
Evocations     | 1 2 |  2.7
Fighting       | |  2.4
Dodging        | |  3.6
Stealth        | |  2.4

Action                   |  1- 3 |  4- 6 || total
-------------------------+-------+-------++-------
Melee: Short sword       |   116 |    46 ||   162
       Punch             |     1 |     6 ||     7
       Staff             |       |   198 ||   198
Throw: Dart              |     8 |     4 ||    12
  Use: Potion            |       |     3 ||     3
       Scroll            |       |     1 ||     1
 Stab: Sleeping          |     6 |     4 ||    10
Armor: Robe              |     6 |       ||     6
       Leather armour    |    15 |    54 ||    69
Dodge: Dodged            |    49 |   143 ||   192

Table legend: (Time is in decaauts)
 A = Elapsed time spent in this place.
 B = Non-inter-level travel time spent in this place.
 C = Inter-level travel time spent in this place.
 D = Time resting spent in this place.
 E = Time spent auto-exploring this place.
 F = Levels seen in this place.
 G = Mean time per level.
                   A        B        C        D        E       F      G
               +--------+--------+--------+--------+--------+-----+--------+
         Total |   1866 |   1761 |    105 |      0 |      6 |   6 |  311.0 |
       Dungeon |   1698 |   1593 |    105 |      0 |      6 |   5 |  339.6 |
         Sewer |    168 |    168 |      0 |      0 |      0 |   1 |  168.0 |
               +--------+--------+--------+--------+--------+-----+--------+

Top non-repeatable levels by time:
     D:4: 742 daAuts
     D:1: 542 daAuts
     D:5: 209 daAuts
   Sewer: 168 daAuts
     D:3: 159 daAuts
     D:2: 43 daAuts
